 Dungeon Crawl Stone Soup version 0.23-b1-67-g8bd44de8e4 (webtiles) character file.

Game seed: 17158749967525976793

91 McKennaii the Skirmisher (level 4, 0/37 HPs)
             Began as a Demonspawn Fighter on Feb 6, 2019.
             Succumbed to a kobold's poison
             ... on level 3 of the Dungeon.
             The game lasted 00:04:10 (2163 turns).

McKennaii the Skirmisher (Demonspawn Fighter)       Turns: 2163, Time: 00:04:11

Health: 0/37       AC:  8    Str: 17    XL:     4   Next: 34%
Magic:  4/4        EV:  7    Int: 15    God:
Gold:   163        SH:  9    Dex: 12    Spells: 3/3 levels left

rFire    . . .     SeeInvis .   a - +0 long sword
rCold    . . .     Gourm    .   c - +0 shield
rNeg     . . .     Faith    .   b - +0 scale mail
rPois    .         Spirit   .   (helmet restricted)
rElec    .         Reflect  .   (no cloak)
rCorr    .         Harm     .   (no gloves)
MR       .....                  i - +0 pair of boots
Stlth    ..........             (no amulet)
HPRegen  0.12/turn              (no ring)
MPRegen  0.09/turn              (no ring)

@: brilliant, lethally poisoned (0 -> -9), flying
A: horns 1, rot immunity
a: no special abilities


You were on level 3 of the Dungeon.
You were not hungry.

You visited 1 branch of the dungeon, and saw 3 of its levels.

You collected 163 gold pieces.

Inventory:

Hand Weapons
 a - a +0 long sword (weapon)
Armour
 b - a +0 scale mail (worn)
 c - a +0 shield (worn)
 i - a +0 pair of boots (worn)
Scrolls
 e - a scroll of teleportation
 g - 4 scrolls of identify {unknown}
 l - a scroll of remove curse {unknown}
 m - a scroll of immolation {unknown}
 o - 3 scrolls of magic mapping {unknown}
 q - a scroll of brand weapon {unknown}
Potions
 d - 2 potions of might
 j - a potion of resistance {unknown}
 k - a potion of brilliance
 n - a potion of heal wounds {unknown}
Comestibles
 f - 6 rations
 p - a chunk of flesh


   Skills:
 * Level 3.6 Fighting
 + Level 2.2 Long Blades
 * Level 3.4 Armour
 + Level 0.2 Dodging
 + Level 3.3 Shields


You had 3 spell levels left.
You didn't know any spells.
Your spell library was empty.

Dungeon Overview and Level Annotations

Branches:
Dungeon (3/15)

Altars:
Cheibriados


Innate Abilities, Weirdness & Mutations

You have a pair of small horns on your head.
You are immune to rotting.


Message History

The kobold is severely wounded.
* * * LOW HITPOINT WARNING * * *
You feel sick. The kobold barely misses you.
You riposte.
You hit the kobold but do no damage.
The kobold is heavily wounded.
The kobold hits you but does no damage.
You hit the kobold.
You kill the kobold!
You hear a splash. x2
* * * LOW HITPOINT WARNING * * *
You feel sick.
* * * LOW HITPOINT WARNING * * *
You feel sick.
You see here a poisoned needle.
* * * LOW HITPOINT WARNING * * *
You feel sick.
You see here 6 poisoned needles.
It was a potion of brilliance.
You feel clever all of a sudden.
You die...

#.≈≈≈.J..# #.≈≈≈.o).#
#.≈≈≈..o.# #.≈≈≈.o..#
#.≈≈≈....# ....# #.≈≈≈....#
....# ###≈≈P...#
#''''############# #≈≈....#
.............)..@# #≈≈....#
≈....≈≈≈≈≈≈≈≈≈)≈(#####≈≈....#
≈....≈≈≈≈≈≈≈≈≈≈≈≈≈≈≈≈≈≈≈....#
≈....≈≈≈≈≈≈≈≈≈≈≈)≈≈≈≈≈≈≈....#
......................P.....#
.............................
..............#########......#
##.###.##.....# # #.....


There were no monsters in sight!

Vanquished Creatures
  3 gnolls (D:3)
  A dart slug (D:1)
  4 leopard geckos (D:1)
  An orc (D:3)
  A giant cockroach (D:2)
  7 goblins
  2 hobgoblins (D:1)
  14 jackals
  5 kobolds
  5 bats
  A frilled lizard (D:1)
  4 rats
48 creatures vanquished.

Notes
Turn   | Place    | Note
-------+----------+-------------------------------------------
     0 | D:1      | McKennaii the Demonspawn Fighter began the quest for the
                  | Orb.
     0 | D:1      | Reached XP level 1. HP: 18/18 MP: 1/1
     2 | D:1      | Noticed a minotaur
     2 | D:1      | Noticed a halfling
     5 | D:1      | Noticed a merfolk
     7 | D:1      | Noticed a demonspawn
     7 | D:1      | Noticed a draconian
     9 | D:1      | Noticed an ogre
     9 | D:1      | Noticed a formicid
    11 | D:1      | Noticed a demigod
    11 | D:1      | Noticed an octopode
    13 | D:1      | Noticed a felid
    15 | D:1      | Noticed a tengu
    15 | D:1      | Noticed a centaur
    17 | D:1      | Noticed a naga
    17 | D:1      | Noticed a human
    19 | D:1      | Noticed a ghoul
    21 | D:1      | Noticed an elf
    21 | D:1      | Noticed a vine stalker
    23 | D:1      | Noticed a vampire
    23 | D:1      | Noticed a dwarf
    25 | D:1      | Noticed a troll
    25 | D:1      | Noticed a gargoyle
    27 | D:1      | Noticed a spriggan
   131 | D:1      | Gained mutation: You have a pair of small horns on your
                  | head. [demonic ancestry]
   131 | D:1      | Reached XP level 2. HP: 20/24 MP: 2/2
   718 | D:2      | Reached XP level 3. HP: 29/29 MP: 3/3
   954 | D:2      | Found a snail-covered altar of Cheibriados.
  2009 | D:3      | Gained mutation: You are immune to rotting. [demonic
                  | ancestry]
  2009 | D:3      | Reached XP level 4. HP: 16/36 MP: 4/4
  2162 | D:3      | HP: 1/37 [poisoned by a kobold]
  2163 | D:3      | Succumbed to a kobold's poison

Skill      XL: |  1  2  3 |
---------------+----------+-----
Shields        | 3 |  3.3
Armour         | 3 |  3.4
Long Blades    | 2 |  2.2
Fighting       | |  3.6
Dodging        | |  0.2

Action                   |  1- 3 |  4- 6 || total
-------------------------+-------+-------++-------
Melee: Long sword        |   166 |    19 ||   185
       Headbutt          |    22 |     4 ||    26
  Use: Scroll            |     2 |       ||     2
       Potion            |       |     2 ||     2
  Eat: Chunk             |     4 |       ||     4
Armor: Scale mail        |   122 |     5 ||   127
Dodge: Dodged            |    75 |     7 ||    82
Block: Shield            |   106 |     4 ||   110
       Rpst.: Long sword |    20 |     1 ||    21
